TOP OF THE 1ST |
District 9 Prawns batting - Pitching for Mile High Broncos : RHP David Bailey
|
Pitching: RHP David Bailey
|
|
Batting: RHB Gil Palmer
|
0-0: Fly out, F8 (Flyball, 8RM)
|
Batting: RHB José Colón
|
0-0: Foul Ball, location: 2F 0-1: Ball 1-1: Foul Ball, location: 2F 1-2: Ball 2-2: Foul Ball, location: 2F 2-2: Ball 3-2: Foul Ball, location: 2F 3-2: Base on Balls
|
Batting: RHB Phil Jacobs
|
0-0: Foul Ball, location: 2F 0-1: Called Strike 0-2: Ball 1-2: Ball 2-2: Grounds into double play, 4-6-3 (Groundball, 4)
|
Top of the 1st over - 0 run(s), 0 hit(s), 0 error(s), 0 left on base; District 9 0 - Mile High 0 |
BOTTOM OF THE 1ST |
Mile High Broncos batting - Pitching for District 9 Prawns : LHP Ricardo Vega
|
Pitching: LHP Ricardo Vega
|
|
Batting: SHB Pedro Martínez
|
0-0: Swinging Strike 0-1: Ball 1-1: Ball 2-1: Foul Ball, location: 2F 2-2: Strikes out swinging
|
Batting: RHB Evan Robinson
|
0-0: Ground out 5-3 (Groundball, 56)
|
Batting: SHB Paco Martínez
|
0-0: Ball 1-0: SINGLE (Groundball, 4MD)
|
Batting: LHB Jesús González
|
0-0: Fly out, F7 (Flyball, 7LSF)
|
Bottom of the 1st over - 0 run(s), 1 hit(s), 0 error(s), 1 left on base; District 9 0 - Mile High 0 |
TOP OF THE 2ND |
District 9 Prawns batting - Pitching for Mile High Broncos : RHP David Bailey
|
Batting: LHB Ralph Schultz
|
0-0: Ball 1-0: Swinging Strike 1-1: Ball 2-1: Called Strike 2-2: Foul Ball, location: 2F 2-2: Foul Ball, location: 2F 2-2: Foul Ball, location: 2F 2-2: Fly out, F4 (Popup, 4)
|
Batting: LHB Mike Davis
|
0-0: Called Strike 0-1: Swinging Strike 0-2: Ball 1-2: Foul Ball, location: 2F 1-2: Foul Ball, location: 2F 1-2: Strikes out swinging
|
Batting: RHB Reynold Akker
|
0-0: SOLO HOME RUN (Flyball, 7LD), Distance : 376 ft
|
Batting: LHB Manuel Cardenas
|
0-0: Called Strike 0-1: Foul Ball, location: 2F 0-2: Ball 1-2: Ball 2-2: Ball 3-2: SINGLE (Flyball, 78S)
|
Pitching: LHP Jorge García
|
|
Batting: LHB Terry Simpson
|
0-0: Ball 1-0: Fly out, F7 (Flyball, 7)
|
Top of the 2nd over - 1 run(s), 2 hit(s), 0 error(s), 1 left on base; District 9 1 - Mile High 0 |
BOTTOM OF THE 2ND |
Mile High Broncos batting - Pitching for District 9 Prawns : LHP Ricardo Vega
|
Batting: RHB Edward Williams
|
0-0: Ball 1-0: Ball 2-0: Called Strike 2-1: Ground out 5-3 (Groundball, 56S)
|
Batting: RHB António Martínez
|
0-0: Foul Ball, location: 2F 0-1: SOLO HOME RUN (Flyball, 7D), Distance : 386 ft
|
Batting: SHB Tom Stevens
|
0-0: DOUBLE (Line Drive, 9LM)
|
Batting: RHB Rodney González
|
0-0: Ball 1-0: Ball 2-0: Ball 3-0: Base on Balls
|
Batting: LHB Dave Cook
|
0-0: Called Strike 0-1: Foul Ball, location: 2F 0-2: Foul Ball, location: 2F 0-2: Ball 1-2: Foul Ball, location: 2F 1-2: Ball 2-2: Ball 3-2: Fielders Choice at 2nd, 3-6 (Groundball, 34) Tom Stevens to third
|
Batting: SHB Pedro Martínez
|
0-0: Called Strike 0-1: Ground out 5-3 (Groundball, 56S)
|
Bottom of the 2nd over - 1 run(s), 2 hit(s), 0 error(s), 2 left on base; District 9 1 - Mile High 1 |
TOP OF THE 3RD |
District 9 Prawns batting - Pitching for Mile High Broncos : LHP Jorge García
|
Batting: LHB Culley Vaughan
|
0-0: Ball 1-0: Called Strike 1-1: Ball 2-1: Foul Ball, location: 2F 2-2: Ball 3-2: Base on Balls
|
Batting: RHB Gil Palmer
|
0-0: Ball 1-0: Ball 2-0: Ball 3-0: Base on Balls Culley Vaughan to second
|
Batting: RHB José Colón
|
0-0: Called Strike 0-1: SINGLE (Groundball, 6MD) Culley Vaughan to third Gil Palmer to second
|
Batting: RHB Phil Jacobs
|
0-0: Fly out, F9 (Line Drive, 9)
|
Batting: LHB Ralph Schultz
|
0-0: DOUBLE (Flyball, 89XD) Culley Vaughan scores Gil Palmer scores José Colón to third
|
Batting: LHB Mike Davis
|
0-0: Ball 1-0: 3-RUN HOME RUN (Flyball, 9D), Distance : 368 ft
|
Pitching: RHP Brandon Mitchell
|
|
Batting: RHB Reynold Akker
|
0-0: Called Strike 0-1: Swinging Strike 0-2: Strikes out swinging
|
Batting: LHB Manuel Cardenas
|
0-0: Ball 1-0: Called Strike 1-1: Ball 2-1: Swinging Strike 2-2: Foul Ball, location: 2F 2-2: Fly out, F7 (Flyball, 7S)
|
Top of the 3rd over - 5 run(s), 3 hit(s), 0 error(s), 0 left on base; District 9 6 - Mile High 1 |
BOTTOM OF THE 3RD |
Mile High Broncos batting - Pitching for District 9 Prawns : LHP Ricardo Vega
|
Batting: RHB Evan Robinson
|
0-0: Ball 1-0: Ball 2-0: Swinging Strike 2-1: Ball 3-1: Called Strike 3-2: Base on Balls
|
Batting: SHB Paco Martínez
|
0-0: SINGLE (Groundball, 4MD) Evan Robinson to second
|
Batting: LHB Jesús González
|
0-0: Foul Ball, location: 2F 0-1: Ball 1-1: Swinging Strike 1-2: Foul Ball, location: 2F 1-2: Ball 2-2: Ball 3-2: Strikes out swinging
|
Batting: RHB Edward Williams
|
0-0: Called Strike
|
TOP OF THE 4TH |
District 9 Prawns batting - Pitching for Mile High Broncos : RHP Brandon Mitchell
|
Now at SS: Luis Alvarado
|
|
Batting: LHB Terry Simpson
|
0-0: Called Strike 0-1: Foul Ball, location: 2F 0-2: Foul Ball, location: 2F 0-2: Foul Ball, location: 2F 0-2: Strikes out swinging
|
Batting: LHB Culley Vaughan
|
0-0: Called Strike 0-1: Ball 1-1: Foul Ball, location: 2F 1-2: Ground out U3 (Groundball, 34)
|
Batting: RHB Gil Palmer
|
0-0: Called Strike 0-1: SINGLE (Line Drive, 5D)
|
Batting: RHB José Colón
|
0-0: Ball 1-0: SINGLE (Groundball, 6MD) Gil Palmer to second
|
Batting: RHB Phil Jacobs
|
0-0: Foul Ball, location: 2F 0-1: Called Strike 0-2: Foul Ball, location: 2F 0-2: Ball 1-2: Strikes out swinging
|
Top of the 4th over - 0 run(s), 2 hit(s), 0 error(s), 2 left on base; District 9 6 - Mile High 4 |
BOTTOM OF THE 4TH |
Mile High Broncos batting - Pitching for District 9 Prawns : LHP Ricardo Vega
|
Batting: LHB Dave Cook
|
0-0: Called Strike 0-1: Ball 1-1: Ball 2-1: Ball 3-1: Swinging Strike 3-2: Base on Balls
|
Batting: SHB Pedro Martínez
|
0-0: Ball 1-0: Foul Ball, location: 2F 1-1: Swinging Strike 1-2: Strikes out swinging
|
Batting: RHB Evan Robinson
|
0-0: Called Strike 0-1: Ball 1-1: Foul Ball, location: 2F 1-2: Ball 2-2: Ball 3-2: Strikes out swinging
|
Batting: SHB Paco Martínez
|
0-0: Ball 1-0: Foul Ball, location: 2F 1-1: Fly out, F9 (Flyball, 89M)
|
Bottom of the 4th over - 0 run(s), 0 hit(s), 0 error(s), 1 left on base; District 9 6 - Mile High 4 |
TOP OF THE 5TH |
District 9 Prawns batting - Pitching for Mile High Broncos : RHP Brandon Mitchell
|
Batting: LHB Ralph Schultz
|
0-0: Ball 1-0: Swinging Strike 1-1: Swinging Strike 1-2: Strikes out looking
|
Batting: LHB Mike Davis
|
0-0: SINGLE (Line Drive, 89S)
|
Batting: RHB Reynold Akker
|
0-0: Ball 1-0: Grounds into double play, 6-4-3 (Groundball, 6)
|
Top of the 5th over - 0 run(s), 1 hit(s), 0 error(s), 0 left on base; District 9 6 - Mile High 4 |
BOTTOM OF THE 5TH |
Mile High Broncos batting - Pitching for District 9 Prawns : LHP Ricardo Vega
|
Batting: LHB Jesús González
|
0-0: Called Strike 0-1: SINGLE (Groundball, 5D)
|
Batting: RHB Edward Williams
|
0-0: Foul Ball, location: 2F 0-1: Ball 1-1: Ball 2-1: Fly out, F8 (Line Drive, 78D)
|
Pitching: RHP Fernando Mendoza
|
|
Now in CF: Leonard Harvey
|
|
Batting: RHB António Martínez
|
0-0: Ball 1-0: Called Strike 1-1: Ball 2-1: Foul Ball, location: 2F 2-2: Foul Ball, location: 2F 2-2: Strikes out swinging
|
Batting: RHB Luis Alvarado
|
0-0: Called Strike 0-1: Ball 1-1: Ball Jesús González steals 2nd base 2-1: Foul Ball, location: 2F 2-2: Strikes out swinging
|
Bottom of the 5th over - 0 run(s), 1 hit(s), 0 error(s), 1 left on base; District 9 6 - Mile High 4 |
TOP OF THE 6TH |
District 9 Prawns batting - Pitching for Mile High Broncos : RHP Brandon Mitchell
|
Batting: LHB Manuel Cardenas
|
0-0: Reached on error, E3 (Popup, 34)
|
Batting: LHB Terry Simpson
|
0-0: Ball 1-0: Foul Ball, location: 2F 1-1: Foul Ball, location: 2F 1-2: Ball 2-2: Foul Ball, location: 2F 2-2: Ball 3-2: Ground out 5-3 (Groundball, 56) Manuel Cardenas to second
|
Batting: LHB Leonard Harvey
|
0-0: Swinging Strike 0-1: Called Strike 0-2: Ball 1-2: Ball 2-2: Ball 3-2: SINGLE (Line Drive, 7LS) Manuel Cardenas to third Runner from 3rd tries for Home, SAFE, throw made home Leonard Harvey to second
|
Batting: RHB Gil Palmer
|
0-0: Ball 1-0: Swinging Strike 1-1: Ground out 6-3 (Groundball, 56D)
|
Batting: RHB José Colón
|
0-0: Swinging Strike 0-1: Swinging Strike 0-2: Strikes out swinging
|
Top of the 6th over - 1 run(s), 1 hit(s), 1 error(s), 1 left on base; District 9 7 - Mile High 4 |
BOTTOM OF THE 6TH |
Mile High Broncos batting - Pitching for District 9 Prawns : RHP Fernando Mendoza
|
Batting: RHB Rodney González
|
0-0: Foul Ball, location: 2F 0-1: Called Strike 0-2: Ball 1-2: Ball 2-2: Ball 3-2: Base on Balls
|
Batting: LHB Dave Cook
|
0-0: Foul Ball, location: 2F 0-1: Foul Ball, location: 2F 0-2: Ball 1-2: Foul Ball, location: 2F 1-2: Ball Wild Pitch! Rodney González to second 2-2: Fly out, F7 (Flyball, 78S)
|
Batting: SHB Pedro Martínez
|
0-0: Ball 1-0: Ball 2-0: Called Strike 2-1: Called Strike 2-2: Foul Ball, location: 2F 2-2: Ball 3-2: Strikes out looking
|
Pitching: RHP Marcos Miranda
|
|
Batting: RHB Evan Robinson
|
0-0: SINGLE (Groundball, 6MD) Rodney González to third Runner from 3rd tries for Home, SAFE, no throw
|
Batting: SHB Paco Martínez
|
0-0: Called Strike 0-1: Foul Ball, location: 2F 0-2: Strikes out swinging
|
Bottom of the 6th over - 1 run(s), 1 hit(s), 0 error(s), 1 left on base; District 9 7 - Mile High 5 |
TOP OF THE 7TH |
District 9 Prawns batting - Pitching for Mile High Broncos : RHP Brandon Mitchell
|
Batting: RHB Phil Jacobs
|
0-0: Ball 1-0: Called Strike 1-1: Called Strike 1-2: Reached on error, E6 (Groundball, 6)
|
Pitching: LHP Juan Garza
|
|
Batting: LHB Ralph Schultz
|
0-0: Foul Ball, location: 2F 0-1: Ball 1-1: Foul Ball, location: 2F 1-2: Ball 2-2: Ball 3-2: Foul Ball, location: 2F 3-2: Base on Balls Phil Jacobs to second
|
Batting: LHB Mike Davis
|
0-0: Ball 1-0: Ball 2-0: Called Strike 2-1: Foul Ball, location: 2F 2-2: Ball 3-2: Foul Ball, location: 2F 3-2: Fly out, F7 (Flyball, 7)
|
Batting: RHB Reynold Akker
|
0-0: Ball 1-0: Called Strike 1-1: Foul Ball, location: 2F 1-2: Ball 2-2: Strikes out swinging
|
Pinch Hitting: RHB Jeff Stevenson
|
0-0: Called Strike 0-1: Ball 1-1: Called Strike 1-2: Strikes out swinging
|
Top of the 7th over - 0 run(s), 0 hit(s), 1 error(s), 2 left on base; District 9 7 - Mile High 5 |
BOTTOM OF THE 7TH |
Mile High Broncos batting - Pitching for District 9 Prawns : RHP Marcos Miranda
|
Now at 3B: Jeff Stevenson
|
|
Batting: LHB Jesús González
|
0-0: Ball 1-0: Ball 2-0: Swinging Strike 2-1: Ball 3-1: Base on Balls
|
Batting: RHB Edward Williams
|
0-0: Ball 1-0: Called Strike 1-1: Ball 2-1: Ball 3-1: Base on Balls Jesús González to second
|
Batting: RHB António Martínez
|
0-0: Ball Jesús González steals 3rd base Edward Williams to second 1-0: Called Strike 1-1: Swinging Strike 1-2: Ball 2-2: DOUBLE (Groundball, 5L) Jesús González scores Edward Williams scores
|
Batting: RHB Luis Alvarado
|
0-0: Called Strike 0-1: Foul Ball, location: 2F 0-2: Strikes out swinging
|
Pinch Hitting: LHB Mark Everett
|
0-0: Ball 1-0: Foul Ball, location: 2F 1-1: Ball 2-1: Ball 3-1: Base on Balls
|
Batting: LHB Dave Cook
|
0-0: Ball 1-0: Grounds into double play, 6-4-3 (Groundball, 6)
|
Bottom of the 7th over - 2 run(s), 1 hit(s), 0 error(s), 1 left on base; District 9 7 - Mile High 7 |
TOP OF THE 8TH |
District 9 Prawns batting - Pitching for Mile High Broncos : LHP Juan Garza
|
Now at 2B: Keith Shaffer
|
|
Pinch Hitting: RHB Mal Snyder
|
0-0: Called Strike 0-1: Ball 1-1: Ball 2-1: Foul Ball, location: 2F 2-2: Ball 3-2: Foul Ball, location: 2F 3-2: Base on Balls
|
Pitching: LHP Domingo Morales
|
|
Batting: LHB Leonard Harvey
|
0-0: Sac Bunt - play at first, batter OUT! 5-4 Mal Snyder to second
|
Batting: RHB Gil Palmer
|
0-0: Ball 1-0: Ground out 5-3 (Groundball, 56)
|
Batting: RHB José Colón
|
0-0: Called Strike 0-1: Ball 1-1: Ball 2-1: Swinging Strike 2-2: Ball 3-2: DOUBLE (Line Drive, 7LS) Mal Snyder scores
|
Batting: RHB Phil Jacobs
|
0-0: Called Strike 0-1: Foul Ball, location: 2F 0-2: Foul Ball, location: 2F 0-2: Ball 1-2: Ball 2-2: Foul Ball, location: 2F 2-2: Strikes out swinging
|
Top of the 8th over - 1 run(s), 1 hit(s), 0 error(s), 1 left on base; District 9 8 - Mile High 7 |
BOTTOM OF THE 8TH |
Mile High Broncos batting - Pitching for District 9 Prawns : RHP Marcos Miranda
|
Now in LF: Donnie Cunningham
|
|
Batting: SHB Pedro Martínez
|
0-0: Foul Ball, location: 2F 0-1: Foul Ball, location: 2F 0-2: Ball 1-2: Ball 2-2: Ground out 4-3 (Groundball, 4)
|
Batting: RHB Evan Robinson
|
0-0: Called Strike 0-1: Swinging Strike 0-2: Ball 1-2: Strikes out swinging
|
Batting: SHB Paco Martínez
|
0-0: Ball 1-0: Ball 2-0: Ball 3-0: Called Strike 3-1: Called Strike 3-2: Foul Ball, location: 2F 3-2: Base on Balls
|
Pinch Hitting: LHB Ernesto López
|
0-0: SINGLE (Flyball, 7S) Paco Martínez to second
|
Pinch Hitting: LHB Tony Báez
|
0-0: Ball 1-0: Foul Ball, location: 2F 1-1: Ball 2-1: Foul Ball, location: 2F 2-2: SINGLE (Line Drive, 8RS) Paco Martínez to third Ernesto López to second
|
Batting: RHB António Martínez
|
0-0: Called Strike 0-1: Swinging Strike 0-2: Ball 1-2: Strikes out looking
|
Bottom of the 8th over - 0 run(s), 2 hit(s), 0 error(s), 3 left on base; District 9 8 - Mile High 7 |
TOP OF THE 9TH |
District 9 Prawns batting - Pitching for Mile High Broncos : LHP Domingo Morales
|
Now in LF: Ernesto López
|
|
Now in RF: Tony Báez
|
|
Batting: LHB Ralph Schultz
|
0-0: Swinging Strike 0-1: DOUBLE (Line Drive, 89D)
|
Pitching: RHP Hokusai Nakashima
|
|
Batting: LHB Mike Davis
|
0-0: Swinging Strike 0-1: Ball 1-1: Ground out 1-3 (Groundball, 13S) Ralph Schultz to third
|
Batting: RHB Reynold Akker
|
0-0: Intentional Walk
|
Batting: RHB Jeff Stevenson
|
0-0: Ball 1-0: Ball 2-0: Ball 3-0: Called Strike 3-1: Grounds into double play, 4-6-3 (Groundball, 4)
|
Top of the 9th over - 0 run(s), 1 hit(s), 0 error(s), 1 left on base; District 9 8 - Mile High 7 |
BOTTOM OF THE 9TH |
Mile High Broncos batting - Pitching for District 9 Prawns : RHP Marcos Miranda
|
Pitching: RHP Mike Stabler
|
|
Batting: RHB Luis Alvarado
|
0-0: Ball 1-0: Foul Ball, location: 2F 1-1: Ball 2-1: Ball 3-1: Base on Balls
|
Batting: SHB Keith Shaffer
|
0-0: Bunted foul 0-1: Bunted foul 0-2: Ball 1-2: SINGLE (Groundball, 56) (infield hit) Luis Alvarado to second
|
Batting: LHB Dave Cook
|
0-0: Called Strike 0-1: Swinging Strike 0-2: Ball 1-2: Ball 2-2: Foul Ball, location: 2F 2-2: Ball 3-2: Fly out, F9 (Flyball, 9S)
|
Pinch Hitting: RHB David Moran
|
0-0: Ball 1-0: Called Strike 1-1: Ball 2-1: Ball Wild Pitch! Luis Alvarado to third Keith Shaffer to second 3-1: Swinging Strike 3-2: Foul Ball, location: 2F 3-2: Strikes out swinging
|
Batting: RHB Evan Robinson
|
0-0: Called Strike 0-1: Ball 1-1: DOUBLE (Groundball, 5L) Luis Alvarado scores Keith Shaffer scores
|
Tuesday, August 8th, 2017 - OOTP Baseball 17.12 Build 75
|
|